 Dungeon Sprint DCSS version 0.30-a0-824-g6c64550be9 (webtiles) character file.

Game seed: 2746564089230846883

8000000 BigDaddyOpFi the Intangible (level 27, -1/228 HPs)
             Began as a Djinni Warper on Feb 27, 2023.
             Was the Champion of Makhleb.
             Slain by a destroyer
             ... wielding a +9 heavy great sword
              (4 damage)
             ... in the Dungeon (Sprint VIII: "Arena of Blood").
             The game lasted 00:01:45 (80 turns).

BigDaddyOpFi the Intangible (Djinni Warper)           Turns: 80, Time: 00:01:46

Health: -1/228     AC:  6    Str: 10    XL:     27
Gold:   0          EV: 37    Int: 16    God:    Makhleb [******] SH:  0 Dex: 26

rFire   + + +      SeeInvis .    h - +∞ Axe of Woe
rCold   x . .      Faith    .    (shield currently unavailable)
rNeg    . . .      Spirit   .    a - +0 leather armour
rPois   ∞          Reflect  .    (no helmet)
rElec   .          Harm     .    (no cloak)
rCorr   .          Rampage  .    (no gloves)
Will    ++...      NoTele   +    (boots unavailable)
Stlth   ++++++++++               (no amulet)
HPRegen 0.58/turn                i - ring of protection from fire
MPRegen 0.00/turn                (no ring)

@: flying, slowed, very slow
A: sickness immunity, fire resistance 2, cold vulnerability 1, float, innate
caster, HP casting, extra vitality 1
a: Renounce Religion, Minor Destruction, Lesser Servant of Makhleb, Major
Destruction, Greater Servant of Makhleb


You were in the Dungeon.
You worshipped Makhleb.
Makhleb was exalted by your worship.
You visited 1 branch

Inventory:

Hand Weapons
 h - the +∞ Axe of Woe (weapon)
   (You found it in the Dungeon)
Missiles
 c - 7 boomerangs of dispersal (quivered)
Armour
 a - a +0 leather armour (worn)
Jewellery
 i - a ring of protection from fire (left hand)
Scrolls
 b - 2 scrolls of blinking
Potions
 d - a potion of curing
 e - a potion of heal wounds
 f - a potion of haste
 g - a potion of berserk rage


   Skills:
 O Level 27 Fighting
 O Level 27 Short Blades
 O Level 27 Long Blades
 O Level 27 Axes
 O Level 27 Maces & Flails
 O Level 27 Polearms
 O Level 27 Staves
 O Level 27 Ranged Weapons
 O Level 27 Throwing
 O Level 27 Armour
 O Level 27 Dodging
 O Level 27 Stealth
 O Level 27 Shields
 O Level 27 Unarmed Combat
 O Level 27 Spellcasting
 O Level 27 Invocations
 O Level 27 Evocations


You knew the following spells:

 Your Spells              Type           Power      Damage    Failure   Level
a - Blink                 Tloc           100%       N/A       0%          2
b - Lesser Beckoning      Tloc           100%       N/A       0%          2
c - Vhi's Electric Charg  Tloc/Air       100%       N/A       0%          3
d - Teleport Other        Tloc           82%        N/A       0%          3
e - Manifold Assault      Tloc           82%        N/A       0%          4
f - Kiss of Death         Conj/Necr      100%       2d13      0%          1
g - Call Imp              Summ           82%        N/A       0%          2
h - Searing Ray           Conj           100%       2d8       0%          2
i - Iskenderun's Mystic   Conj/Tloc      82%        2d16      0%          4
j - Fireball              Conj/Fire      41%        3d17      0%          5
k - Iskenderun's Battles  Conj           82%        2d13      0%          5
l - Starburst             Conj/Fire      41%        6d12      0%          6
m - Malign Gateway        Summ/Tloc      41%        N/A       1%          7
n - Summon Hydra          Summ           41%        N/A       1%          7
o - Infestation           Necr           41%        N/A       1%          8
p - Ignition              Fire           41%        3d12      1%          8
q - Lehudib's Crystal Sp  Conj/Erth      41%        10d10     1%          8
r - Chain Lightning       Conj/Air       41%        3d54      2%          9
Your spell library was empty.

Dungeon Overview and Level Annotations

Branches:
Dungeon (1/1)

Altars:
Makhleb


Innate Abilities, Weirdness & Mutations

You are immune to sickness and miasma.
You are immune to poison.
Your flesh is very heat resistant. (rF++)
You are vulnerable to cold. (rC-)
You float through the air rather than walking.
You learn spells naturally, not from books.
Your magical power is your life essence.
You have superior vitality. (+4 MHP)


Message History

You hear a shout! x5
A bolt of negative energy appears from out of thin air!
Deactivating autopickup; reactivate with Ctrl-A.
The bolt of negative energy misses you.
You hear a shout! x2
The destroyer gestures at you while chanting.
The destroyer blinks!
You hear a shout!
You hit the bag of meat. You chop the bag of meat into pieces.
You kill the bag of meat!
Makhleb accepts your kill.
You slice the bag of meat!!
You butcher the bag of meat messily.
You kill the bag of meat!
Makhleb accepts your kill.
You hear a shout! x8
The accursed casts a spell at you. Something smites you!
You hear a shout!
Unknown command.
You slice the dread!!
You butcher the dread messily.
You destroy the dread!
Makhleb accepts your kill.
You feel better.
You slash something!
You hew something savagely.
Makhleb accepts your kill.
Reactivating autopickup.
You feel a bit more experienced.
You hear a shout! x6
Unknown command.
i - a ring of protection from fire You hear a shout! x10
The destroyer points at you and mumbles some strange words.
The destroyer blinks!
You hear a shout! x5
i - a ring of protection from fire (left hand)
You hear a shout! x3
The destroyer hits you with a +9 heavy great sword!!!!!
Ouch! That really hurt!
* * * LOW HITPOINT WARNING * * *
The destroyer bites you.
You die...

.......# .....
#......# .......V
......#
.........##.....#
#................#
.........###.))..#
.............M...#
.....#.#....).)))#
............§)))@#
†...#.#.#....))V)#
§.)).......).....#
☼).).#.#.#).#....#
#))))))...)#.....#
....X☼°..).)#....#
....X))°...#.....#
.....§)☼.).......#
..#...#......##..#


You could see an accursed and a destroyer.

Vanquished Creatures
  2 hell beasts (D)
  2 royal mummies (D)
  2 wraiths (D)
  12 vampire knights (D)
  24 ogres (D)
  7 two-headed ogres (D)
  3 liches (D)
  A hydra (D)
  A phantom (D)
  57 orcs (D)
  6 skeletal warriors (D)
117 creatures vanquished.

Notes
Turn   | Place    | Note
-------+----------+-------------------------------------------
     0 | D        | Found the +∞ Axe of Woe
     0 | D        | BigDaddyOpFi the Djinni Warper began the quest for the Orb.
     0 | D        | BigDaddyOpFi set off with the following spells memorised:
                  | Blink, Lesser Beckoning, Vhi's Electric Charge, Teleport
                  | Other, Manifold Assault.
     0 | D        | Reached XP level 1. HP: 18/18 MP: 0/0
     2 | D        | Noticed a bag of meat
     2 | D        | Noticed a bag of meat
     2 | D        | Noticed a bag of meat
     4 | D        | Killed a bag of meat
     4 | D        | Noticed a bag of meat
     5 | D        | Reached skill level 10 in Armour
     5 | D        | Reached XP level 2. HP: 37/37 MP: 0/0
     5 | D        | Reached XP level 3. HP: 42/42 MP: 0/0
     5 | D        | Learned a level 1 spell: Kiss of Death
     5 | D        | Reached XP level 4. HP: 49/49 MP: 0/0
     5 | D        | Reached XP level 5. HP: 53/53 MP: 0/0
     5 | D        | Learned a level 2 spell: Call Imp
     5 | D        | Reached XP level 6. HP: 59/59 MP: 0/0
     5 | D        | Reached XP level 7. HP: 65/65 MP: 0/0
     5 | D        | Learned a level 2 spell: Searing Ray
     5 | D        | Reached XP level 8. HP: 71/71 MP: 0/0
     5 | D        | Reached XP level 9. HP: 76/76 MP: 0/0
     5 | D        | Learned a level 4 spell: Iskenderun's Mystic Blast
     5 | D        | Reached XP level 10. HP: 82/82 MP: 0/0
     5 | D        | Reached XP level 11. HP: 87/87 MP: 0/0
     5 | D        | Learned a level 5 spell: Fireball
     5 | D        | Became a worshipper of Makhleb the Destroyer
     6 | D        | Noticed a meat berserker
     8 | D        | Killed a bag of meat
     8 | D        | Killed a bag of meat
     8 | D        | Reached * piety under Makhleb
     8 | D        | Noticed a meat berserker
     8 | D        | Noticed a meat berserker
     8 | D        | Noticed a bag of meat
     9 | D        | Reached skill level 5 in Axes
     9 | D        | Reached skill level 10 in Throwing
     9 | D        | Reached skill level 10 in Spellcasting
     9 | D        | Reached XP level 12. HP: 96/96 MP: 0/0
     9 | D        | Reached XP level 13. HP: 102/102 MP: 0/0
     9 | D        | Learned a level 5 spell: Iskenderun's Battlesphere
     9 | D        | Killed a bag of meat
    10 | D        | Killed a meat berserker
    11 | D        | Reached skill level 15 in Dodging
    11 | D        | Reached XP level 14. HP: 112/112 MP: 0/0
    11 | D        | Killed a meat berserker
    11 | D        | Reached ** piety under Makhleb
    12 | D        | Reached skill level 15 in Fighting
    12 | D        | Reached skill level 15 in Armour
    12 | D        | Reached skill level 10 in Stealth
    12 | D        | Reached skill level 15 in Unarmed Combat
    12 | D        | Reached XP level 15. HP: 120/120 MP: 0/0
    12 | D        | Learned a level 6 spell: Starburst
    12 | D        | Killed a meat berserker
    12 | D        | Noticed a meat berserker
    12 | D        | Noticed a meat berserker
    13 | D        | Reached skill level 10 in Axes
    15 | D        | Noticed a meat berserker
    17 | D        | Killed a meat berserker
    17 | D        | Reached *** piety under Makhleb
    17 | D        | Noticed a destroyer
    17 | D        | Noticed a meat berserker
    17 | D        | Noticed a destroyer
    18 | D        | Reached XP level 16. HP: 56/130 MP: 0/0
    18 | D        | Killed a meat berserker
    18 | D        | Noticed a large bag of meat
    19 | D        | Reached skill level 15 in Throwing
    19 | D        | Killed a destroyer
    19 | D        | Killed a meat berserker
    19 | D        | Reached **** piety under Makhleb
    19 | D        | Noticed a destroyer
    19 | D        | Noticed a large bag of meat
    20 | D        | Reached skill level 15 in Stealth
    20 | D        | Reached skill level 15 in Spellcasting
    20 | D        | Reached XP level 17. HP: 79/141 MP: 0/0
    20 | D        | Learned a level 7 spell: Malign Gateway
    20 | D        | Killed a destroyer
    21 | D        | Reached skill level 15 in Axes
    21 | D        | Reached XP level 18. HP: 151/151 MP: 0/0
    21 | D        | Noticed a large bag of meat
    21 | D        | Killed a large bag of meat
    21 | D        | Reached ***** piety under Makhleb
    22 | D        | Killed a meat berserker
    23 | D        | Reached XP level 19. HP: 149/160 MP: 0/0
    23 | D        | Learned a level 7 spell: Summon Hydra
    23 | D        | Killed a large bag of meat
    23 | D        | Noticed an eight-headed meat hydra
    23 | D        | Noticed a meat berserker
    24 | D        | Noticed a meat berserker
    24 | D        | Noticed a meat berserker
    24 | D        | Noticed a meat berserker
    24 | D        | Killed a nine-headed meat hydra
    25 | D        | Noticed a meat berserker
    25 | D        | Killed a meat berserker
    25 | D        | Noticed a destroyer
    26 | D        | Reached XP level 20. HP: 171/171 MP: 0/0
    26 | D        | Noticed a meat berserker
    26 | D        | Killed a meat berserker
    26 | D        | Reached ****** piety under Makhleb
    27 | D        | Killed a meat berserker
    27 | D        | Noticed a destroyer
    28 | D        | Killed a meat berserker
    28 | D        | Noticed a destroyer
    29 | D        | Reached XP level 21. HP: 181/181 MP: 0/0
    29 | D        | Learned a level 8 spell: Infestation
    30 | D        | Reached skill level 27 in Dodging
    30 | D        | Noticed a destroyer
    30 | D        | Killed a destroyer
    30 | D        | Noticed a meat berserker
    31 | D        | Killed a meat berserker
    32 | D        | Reached skill level 27 in Fighting
    32 | D        | Reached skill level 27 in Armour
    32 | D        | Reached skill level 27 in Unarmed Combat
    32 | D        | Reached XP level 22. HP: 194/194 MP: 0/0
    32 | D        | Killed a meat berserker
    33 | D        | Reached skill level 27 in Invocations
    33 | D        | Reached XP level 23. HP: 201/201 MP: 0/0
    33 | D        | Learned a level 8 spell: Ignition
    33 | D        | Killed a destroyer
    33 | D        | Killed a large bag of meat
    33 | D        | Killed a destroyer
    33 | D        | Noticed a large bag of meat
    34 | D        | Reached skill level 27 in Axes
    34 | D        | Reached skill level 27 in Throwing
    34 | D        | Reached skill level 27 in Stealth
    34 | D        | Reached skill level 27 in Spellcasting
    34 | D        | Reached skill level 1 in Maces & Flails
    34 | D        | Noticed a large bag of meat
    34 | D        | Noticed a large bag of meat
    35 | D        | Reached XP level 24. HP: 208/208 MP: 0/0
    36 | D        | Noticed a destroyer
    37 | D        | Killed a large bag of meat
    37 | D        | Killed a destroyer
    38 | D        | Killed a destroyer
    40 | D        | Reached XP level 25. HP: 214/214 MP: 0/0
    40 | D        | Learned a level 8 spell: Lehudib's Crystal Spear
    40 | D        | Killed a large bag of meat
    40 | D        | Killed a destroyer
    40 | D        | Noticed a large bag of meat
    40 | D        | Noticed an accursed
    41 | D        | Reached skill level 27 in Maces & Flails
    41 | D        | Reached skill level 27 in Polearms
    42 | D        | Reached XP level 26. HP: 221/221 MP: 0/0
    44 | D        | Noticed a destroyer
    45 | D        | Reached skill level 27 in Staves
    45 | D        | Noticed a tyrant
    45 | D        | Killed a large bag of meat
    46 | D        | Reached skill level 10 in Shields
    46 | D        | Reached skill level 10 in Evocations
    46 | D        | Noticed a tyrant
    47 | D        | Reached skill level 10 in Ranged Weapons
    48 | D        | Reached XP level 27. HP: 228/228 MP: 0/0
    48 | D        | Learned a level 9 spell: Chain Lightning
    49 | D        | Reached skill level 15 in Short Blades
    49 | D        | Reached skill level 15 in Long Blades
    49 | D        | Noticed a tyrant
    51 | D        | Reached skill level 15 in Ranged Weapons
    52 | D        | Killed a tyrant
    53 | D        | Noticed a destroyer
    53 | D        | Killed a tyrant
    54 | D        | Killed a destroyer
    55 | D        | Killed a destroyer
    57 | D        | Noticed a meat beast
    57 | D        | Noticed a meat beast
    58 | D        | Killed a tyrant
    60 | D        | Killed a large bag of meat
    61 | D        | Killed a meat beast
    62 | D        | Reached skill level 27 in Short Blades
    62 | D        | Reached skill level 27 in Long Blades
    62 | D        | Reached skill level 27 in Shields
    62 | D        | Reached skill level 27 in Evocations
    62 | D        | Killed a meat beast
    63 | D        | Reached skill level 27 in Ranged Weapons
    63 | D        | Noticed a dread
    63 | D        | Noticed a destroyer
    63 | D        | Noticed an accursed
    64 | D        | Noticed a destroyer
    65 | D        | Noticed an accursed
    66 | D        | Killed a dread
    66 | D        | Noticed a dread
    66 | D        | Noticed a destroyer
    69 | D        | Killed a destroyer
    70 | D        | Killed an accursed
    75 | D        | Killed an accursed
    76 | D        | Killed a destroyer
    78 | D        | Killed a dread
    80 | D        | HP: 3/228 [destroyer/+9 heavy great sword (225)]
    80 | D        | Slain by a destroyer

Illustrated notes

Levels and vault maps discovered:
D:        meatsprint

Skill      XL: |  1  2  3  4  5  6  7  8  9 10 11 12 13 14 15 16 17 18 19 20 21 22 23 24 25 26 27 |
---------------+----------------------------------------------------------------------------------+-----
Fighting       | 11 12 14 15 17 19 20 21 23 24 27 | 27.0
Throwing       | 9 10 12 13 14 16 17 18 19 21 23 25 27 | 27.0
Armour         | 10 12 14 15 17 19 20 21 23 24 27 | 27.0
Dodging        | 12 14 15 16 18 20 22 23 25 26 27 | 27.0
Unarmed Combat | 11 13 14 15 17 19 20 21 23 25 27 | 27.0
Spellcasting   | 8 10 11 12 13 15 16 17 18 19 22 23 27 | 27.0
Axes           | 5 8 9 11 13 15 16 18 19 22 24 27 | 27.0
Stealth        | 6 9 10 12 15 16 17 19 21 24 25 27 | 27.0
Invocations    | 6 9 11 13 16 17 19 21 23 26 27 | 27.0
Maces & Flails | 11 24 27 | 27.0
Polearms       | 11 24 27 | 27.0
Staves         | 24 27 | 27.0
Short Blades   | 13 27 | 27.0
Long Blades    | 13 27 | 27.0
Ranged Weapons | 12 27 | 27.0
Shields        | 14 27 | 27.0
Evocations     | 14 27 | 27.0

Action                     |  1- 3 |  4- 6 |  7- 9 | 10-12 | 13-15 | 16-18 | 19-21 | 22-24 | 25-27 || total
---------------------------+-------+-------+-------+-------+-------+-------+-------+-------+-------++-------
  Melee: Executioner's axe |     1 |       |       |     1 |     6 |     5 |     9 |     7 |    35 ||    64
   Cast: Vhi's Electric Ch |       |       |       |       |       |       |     3 |     1 |     7 ||    11
  Dodge: Dodged            |       |       |       |       |     2 |     1 |       |       |     3 ||     6

Table legend: (Time is in decaauts)
 A = Elapsed time spent in this place.
 B = Non-inter-level travel time spent in this place.
 C = Inter-level travel time spent in this place.
 D = Time resting spent in this place.
 E = Time spent auto-exploring this place.
 F = Levels seen in this place.
 G = Mean time per level.
                   A        B        C        D        E       F      G
               +--------+--------+--------+--------+--------+-----+--------+
         Total |     76 |     76 |      0 |      0 |      0 |   1 |   76.0 |
       Dungeon |     76 |     76 |      0 |      0 |      0 |   1 |   76.0 |
               +--------+--------+--------+--------+--------+-----+--------+

Top non-repeatable levels by time:
       D: 76 daAuts
